 Dungeon Crawl Stone Soup version 0.31.0-11-ge490571c62 (webtiles) character file.

Game seed: 481990260514589499

214 qw the Skirmisher (level 5, 0/29 HPs)
             Began as a Deep Elf Hunter on Feb 4, 2024.
             Incinerated by a bombardier beetle (3 damage)
             ... with a burning spray
             ... on level 4 of the Dungeon.
             The game lasted 00:00:12 (2562 turns).

qw the Skirmisher (Deep Elf Hunter)                 Turns: 2562, Time: 00:00:12

Health: 0/29       AC:  5    Str: 10    XL:     5   Next: 59%
Magic:  7/7        EV: 11    Int: 14    God:
Gold:   94         SH:  0    Dex: 18    Spells: 4/4 levels left

rFire   . . .        a - +1 shortbow
rCold   . . .        (shield currently unavailable)
rNeg    + . .        f - +0 ring mail
rPois   .            (no helmet)
rElec   .            (no cloak)
rCorr   .            (no gloves)
SInv    .            (no boots)
Will    .....        (no amulet)
Stlth   +            c - ring of positive energy
HPRegen 0.24/turn    (no ring)
MPRegen 0.10/turn

%: no passive effects
@: on fire, glowing
A: no striking features
a: no special abilities


You were on level 4 of the Dungeon.
You visited 1 branch of the dungeon, and saw 4 of its levels.

You collected 94 gold pieces.


   Skills:
 + Level 1.6 Fighting
 - Level 9.1 Ranged Weapons
 - Level 2.4 Dodging
 - Level 1.2 Stealth


You had 4 spell levels left.
You didn't know any spells.
Your spell library was empty.

Inventory:

Hand Weapons
 a - a +1 shortbow (weapon)
Armour
 f - a +0 ring mail (worn)
Jewellery
 c - a ring of positive energy (left hand)
Potions
 b - a potion of haste
 g - a potion of magic {unknown}
 i - 4 potions of curing
 j - a potion of cancellation {unknown}
 k - a potion of invisibility {unknown}
 l - a potion of resistance {unknown}

Dungeon Overview and Level Annotations

Branches:
Dungeon (4/15)
 Temple: D:4-7

Altars:
Uskayaw


Message History

The arrow barely misses the bombardier beetle.
The liquid fire burns you!
You shoot an arrow.
The arrow hits the bombardier beetle but does no damage.
The bombardier beetle is almost dead.
The liquid fire burns you!
You shoot an arrow.
The arrow hits the bombardier beetle but does no damage.
The bombardier beetle is almost dead.
The liquid fire burns you!
The bombardier beetle barely misses you.
You shoot an arrow.
The arrow barely misses the bombardier beetle.
The liquid fire burns you!
The bombardier beetle sprays incendiary fluid at you.
The burning spray hits you.
You are even more covered in liquid fire!
You shoot an arrow. The arrow hits the bombardier beetle.
You kill the bombardier beetle!
The liquid fire burns you!
Your Ranged Weapons skill increases to level 9!
2556 ||| DRINKING potion of heal wounds.
You feel much better. The liquid fire burns you!
You shoot an arrow. The arrow hits the dart slug.
The dart slug is heavily wounded.
The liquid fire burns you!
The dart slug bites you but does no damage.
You shoot an arrow. The arrow hits the dart slug!
You kill the dart slug!
The liquid fire burns you!
You are on fire!
The liquid fire burns you!
You are on fire!
The liquid fire burns you!
You are on fire!
The liquid fire burns you!
You are on fire!
The liquid fire burns you!
You die...

..........#
.........#
#....... .
##....# ..
#....## ...
#..<..##
....
###....#
.....
###..##...#
##.@...#
##.....#
.....##
#.....#
#######


There were no monsters in sight!

Vanquished Creatures
  A bombardier beetle (D:4)
  Jessica (D:3)
  5 adders
  4 dart slugs
  2 ribbon worms
  An orc (D:3)
  12 ball pythons
  12 endoplasms
  A giant cockroach (D:2)
  8 goblins
  7 hobgoblins
  6 jackals
  8 kobolds
  A quokka (D:2)
  8 bats
  3 frilled lizards (D:1)
  10 rats
90 creatures vanquished.

Notes
Turn   | Place    | Note
-------+----------+-------------------------------------------
     0 | D:1      | qw the Deep Elf Hunter began the quest for the Orb.
     0 | D:1      | Reached XP level 1. HP: 12/12 MP: 3/3
     0 | D:1      | 0 ||| qw: Version: 0.3-a-160-g6735b56
     0 | D:1      | 0 ||| qw: Game counter: 5403
     0 | D:1      | 0 ||| qw: Melee chars always use a shield: true
     0 | D:1      | 0 ||| qw: God list: Okawaru
     0 | D:1      | 0 ||| qw: Allow faded altars: false
     0 | D:1      | 0 ||| qw: Do Orc after clearing Dungeon:15 true
     0 | D:1      | 0 ||| qw: Do second Lair branch before Depths: true
     0 | D:1      | 0 ||| qw: Lair rune preference: random
     0 | D:1      | 0 ||| qw: Goals: Normal
     0 | D:1      | 0 ||| PLANNING D:1-11
   119 | D:1      | Reached skill level 6 in Ranged Weapons
   119 | D:1      | Reached XP level 2. HP: 16/16 MP: 4/4
   253 | D:1      | 253 ||| RETREEEEATING.
   264 | D:1      | Reached XP level 3. HP: 11/20 MP: 5/5
   444 | D:1      | Found a faded altar of an unknown god.
   457 | D:1      | 457 ||| UPGRADING to +0 scale mail.
   490 | D:1      | 490 ||| DROPPING +0 leather armour.
   819 | D:1      | 819 ||| READING scroll labelled DUIXAE LACREA.
   819 | D:1      | 819 ||| IDENTIFYING bubbling white potion
   820 | D:1      | 820 ||| READING scroll labelled QOMUEW QUTI LAT.
   824 | D:1      | 824 ||| DROPPING scroll of butterflies.
   825 | D:1      | 825 ||| DROPPING potion of berserk rage.
   833 | D:2      | 833 ||| STAIRDANCE
   850 | D:1      | Reached skill level 7 in Ranged Weapons
  1088 | D:2      | Reached XP level 4. HP: 25/25 MP: 6/6
  1632 | D:2      | Reached skill level 8 in Ranged Weapons
  1948 | D:2      | 1948 ||| UPGRADING to +0 ring mail.
  1958 | D:2      | 1958 ||| DROPPING +0 scale mail.
  1959 | D:2      | 1959 ||| UPGRADING to ring of positive energy.
  1960 | D:2      | 1960 ||| READING scroll labelled VUOKIA COITA.
  1961 | D:2      | 1961 ||| READING scroll labelled DEKKELODGH.
  1961 | D:2      | 1961 ||| ENCHANTING +0 shortbow.
  1962 | D:2      | 1962 ||| READING scroll labelled UTYITAMM LUAH.
  1963 | D:2      | 1963 ||| DRINKING 2 fuming dark potions.
  1964 | D:2      | 1964 ||| DRINKING 3 inky potions.
  2019 | D:3      | Noticed Jessica
  2023 | D:3      | Killed Jessica
  2024 | D:3      | Reached XP level 5. HP: 29/29 MP: 7/7
  2256 | D:3      | Found a hide-covered altar of Uskayaw.
  2496 | D:3      | 2496 ||| READING scroll of identify.
  2496 | D:3      | 2496 ||| IDENTIFYING cyan potion
  2497 | D:3      | 2497 ||| DRINKING 2 green potions.
  2532 | D:3      | 2532 ||| DROPPING potion of lignification.
  2555 | D:4      | HP: 6/29 [burnt (5)]
  2556 | D:4      | Reached skill level 9 in Ranged Weapons
  2556 | D:4      | 2556 ||| DRINKING potion of heal wounds.
  2560 | D:4      | HP: 6/29 [burnt (6)]
  2562 | D:4      | Incinerated by a bombardier beetle

Levels and vault maps discovered:
D:1:      heliophobic_arrival_enchanted_forest, layout_rooms,
          shapermc_ecumenical_altar_notcrosses, serial_forest,
          infiniplex_forest_clump_double, infiniplex_forest_clump_diagonal,
          infiniplex_forest_lined_2, infiniplex_forest_lined_3_way,
          infiniplex_forest_end_double, infiniplex_forest_lined_2,
          infiniplex_forest_split, infiniplex_forest_lined_corner,
          infiniplex_forest_straight_4
D:2:      minmay_thinvault, layout_loops_corners
D:3:      layout_rooms, eat_drink_and_be_merry_uskayaw, uniq_jessica
D:4:      layout_cave_pools, nicolae_ru_great_annihilating_truth, st_stairs_3,
          uniq_blork_the_orc

Skill      XL: |  1  2  3  4  5 |
---------------+----------------+-----
Ranged Weapons | 6 7 8 9 |  9.1
Fighting       | |  1.6
Dodging        | |  2.4
Stealth        | |  1.2

Action                     |  1- 3 |  4- 6 || total
---------------------------+-------+-------++-------
   Fire: Shortbow          |   136 |   143 ||   279
    Use: Scroll            |     2 |     4 ||     6
         Potion            |       |     4 ||     4
 Armour: Leather armour    |    13 |       ||    13
         Scale mail        |    41 |    23 ||    64
         Skin              |     1 |       ||     1
         Ring mail         |       |    18 ||    18
  Dodge: Dodged            |    63 |    26 ||    89

Table legend:
 A = Non-vault XP
 B = Vault XP
 C = Vault XP percentage of total XP
 D = Non-vault monster count
 E = Vault monster count
 F = Vault count percentage of total count
                 A         B        C        D         E       F
            +---------+---------+-------+---------+---------+-------
      Total |     223 |      83 |  27.1 |      78 |      12 |  13.3
            +---------+---------+-------+---------+---------+-------
        D:1 |      69 |       0 |   0.0 |      32 |       0 |   0.0
        D:2 |      54 |      46 |  46.0 |      25 |      11 |  30.6
        D:3 |      46 |      37 |  44.6 |      18 |       1 |   5.3
        D:4 |      54 |       0 |   0.0 |       3 |       0 |   0.0
            +---------+---------+-------+---------+---------+-------
